 Dungeon Crawl Stone Soup version 0.25-a0-362-g90ccd6aac3 (console) character file.

Game seed: 13824298753171046348, levelgen mode: deterministic

19 Kagalorn the Sneak (level 2, 0/25 HPs)
             Began as a Naga Arcane Marksman on Jan 4, 2020.
             Hit by a boomerang thrown by an orc (4 damage)
             ... on level 2 of the Dungeon.
             The game lasted 00:03:08 (1337 turns).

Kagalorn the Sneak (Naga Arcane Marksman)           Turns: 1337, Time: 00:03:08

Health: 0/25       AC:  1    Str: 12    XL:     2   Next: 75%
Magic:  3/3        EV:  7    Int: 13    God:
Gold:   16         SH:  6    Dex: 11    Spells: 2/3 levels left

rFire    . . .     SeeInvis +   b - +0 short sword
rCold    . . .     Gourm    .   i - +0 shield
rNeg     . . .     Faith    .   e - +0 robe
rPois    +         Spirit   .   (no helmet)
rElec    .         Reflect  .   (no cloak)
rCorr    .         Harm     .   (no gloves)
MR       .....                  (no barding)
Stlth    ++........             (no amulet)
HPRegen  0.08/turn              (no ring)
MPRegen  0.08/turn              (no ring)

@: very slow
A: large, see invisible, deformed body, poison resistance, slowness 2, slow
metabolism 1, spit poison 1, AC +0
a: Spit Poison


You were on level 2 of the Dungeon.
You were hungry.

You visited 1 branch of the dungeon, and saw 2 of its levels.

You collected 16 gold pieces.

Inventory:

Hand Weapons
 a - a +0 hand crossbow
 b - a +0 short sword (weapon)
 k - a +1 hunting sling of flaming
Missiles
 d - 20 bolts
 j - 41 stones (quivered)
Armour
 e - a +0 robe (worn)
 i - a +0 shield (worn)
Scrolls
 c - a scroll of identify {unknown}
 g - 2 scrolls of fear {unknown}
 h - a scroll of teleportation {unknown}
 n - a scroll of remove curse {unknown}
Potions
 l - a potion of curing {unknown}
 m - a potion of degeneration {unknown}
Comestibles
 f - 2 rations


   Skills:
 - Level 1.0 Fighting
 - Level 1.7 Crossbows
 - Level 1.5 Dodging
 * Level 3.8 Stealth
 - Level 1.0 Spellcasting
 - Level 3.0 Hexes


You had 2 spell levels left.
You knew the following spells:

 Your Spells              Type           Power        Failure   Level  Hunger
a - Corona                Hex            #......      50%         1    ##.....

Your spell library contained the following spells:

 Spells                   Type           Power        Failure   Level  Hunger
 Slow                     Hex            #.......     65%         2    ###....
 Inner Flame              Hex/Fire       #.......     97%         3    ####...
 Portal Projectile        Hex/Tloc       #.....       97%         3    ####...
 Cause Fear               Hex            #.........   99%         4    #####..
 Leda's Liquefaction      Hex/Erth       #.........   100%        4    #####..


Dungeon Overview and Level Annotations

Branches:
Dungeon (2/15)

Altars:
Makhleb
Uskayaw


Innate Abilities, Weirdness & Mutations

You cannot wear boots.
Your serpentine skin is tough. (AC +0)
You have supernaturally acute eyesight. (SInv)
Armour fits poorly on your strangely shaped body.
Your system is resistant to poisons. (rPois)
You cover ground very slowly.
You have a slow metabolism.
You can spit poison.


Message History

The orc throws a boomerang.
The boomerang hits you but does no damage.
The weapon returns to the orc!
The orc throws a boomerang.
The boomerang closely misses you.
The weapon returns to the orc!
The orc wizard casts a spell at you. You resist with significant effort.
The orc throws a boomerang.
The boomerang hits you.
The weapon returns to the orc!
The orc wizard points at you and mumbles some strange words.
The magic dart hits you!
The orc throws a boomerang.
The boomerang hits you.
The weapon returns to the orc!
The orc wizard gestures at you while chanting.
The magic dart hits you!
* * * LOW HITPOINT WARNING * * *
The orc throws a boomerang.
You block the boomerang.
The weapon returns to the orc!
The orc throws a boomerang.
The boomerang hits you.
You die...

#_≈# #.# ###.#####.# #..
..#)'..##.# #.#
#.#.##.##'## #.#
#.#_≈#.....## #.#
#.#####.....## #.#
#.####.......##
#######.#####..##.........#
.oo..o..o......@'.......<.+
##.##...#.##.........#
#.o...##.###.......##
#..#####.# ##.....## #..#
#.# ##...## #..# #.# ##+##
#... ..# ##.## ### #.#


You could see an orc wizard and an orc.

Vanquished Creatures
  A dart slug (D:1)
  3 goblins (D:1)
  2 hobgoblins (D:1)
  3 jackals (D:1)
  A bat (D:1)
  4 kobolds (D:1)
  3 rats (D:1)
17 creatures vanquished.

Notes
Turn   | Place    | Note
-------+----------+-------------------------------------------
     0 | D:1      | Kagalorn the Naga Arcane Marksman began the quest for the
                  | Orb.
     0 | D:1      | Reached XP level 1. HP: 18/18 MP: 2/2
    50 | D:1      | Reached skill level 1 in Stealth
    75 | D:1      | Reached XP level 2. HP: 3/25 MP: 3/3
  1306 | D:2      | Found a hide-covered altar of Uskayaw.
  1306 | D:2      | Found a burning altar of Makhleb.
  1337 | D:2      | Hit by a boomerang thrown by an orc

Levels and vault maps discovered:
D:1:      dpeg_arrival_simpleton_c, layout_loops_ring, kennysheep_nondescript,
          minmay_tromino_i2
D:2:      layout_loops_corners, gammafunk_temple_overflow_elements,
          lemuel_doored_altar, nicolae_overflow_hidden_temple,
          gammafunk_temple_overflow_statue, first_ration,
          chequers_ecumenical_altar_simple, minmay_between, uniq_terence,
          uniq_sigmund

Skill      XL: |  1  2 |
---------------+-------+-----
Stealth        | 2 3 |  3.8
Fighting       | |  1.0
Crossbows      | |  1.7
Dodging        | |  1.5
Spellcasting   | |  1.0
Hexes          | |  3.0

Action                   || total
-------------------------++-------
Melee: Dagger            ||    19
       Short sword       ||    47
 Fire: Hand crossbow     ||     1
 Abil: Spit Poison       ||     4
 Stab: Sleeping          ||     1
Armor: Robe              ||    11
Dodge: Dodged            ||    38
Block: Shield            ||     2

Table legend:
 A = Non-vault XP
 B = Vault XP
 C = Vault XP percentage of total XP
 D = Non-vault monster count
 E = Vault monster count
 F = Vault count percentage of total count
                 A         B        C        D         E       F
            +---------+---------+-------+---------+---------+-------
      Total |      26 |       2 |   7.1 |      15 |       2 |  11.8
            +---------+---------+-------+---------+---------+-------
        D:1 |      26 |       2 |   7.1 |      15 |       2 |  11.8
            +---------+---------+-------+---------+---------+-------
